 Dungeon Crawl Stone Soup version 0.17-a0-802-g1f09329 (webtiles) character file.

67 namelastname112 the Twirler (level 4, -1/38 HPs)
             Began as a Draconian Gladiator on Apr 26, 2015.
             Killed by nerve-wracking pain
             ... invoked by a shadow imp
             ... summoned by Natasha
              (7 damage)
             ... on level 2 of the Dungeon.
             The game lasted 00:01:58 (1043 turns).

namelastname112 the Twirler (Draconian Gladiator)   Turns: 1043, Time: 00:02:01

Health: -1/38      AC:  6    Str: 17    XL:     4   Next: 0%
Magic:  4/4        EV: 13    Int:  8    God:
Gold:   45         SH:  0    Dex: 13    Spells: 0 memorised, 3 levels left

rFire  . . .     SeeInvis .     a - +0 quarterstaff
rCold  . . .     Clarity  .     (armour unavailable)
rNeg   . . .     SustAb   .     (no shield)
rPois  .         Gourm    .     b - +0 hat
rElec  .         Spirit   .     (no cloak)
rCorr  .         Warding  .     (no gloves)
rMut   .         Stasis   .     m - +0 pair of boots
MR     .....                    (no amulet)
Stlth  +.........               (no ring)
                                (no ring)

@: slowed, very slow, not resistant to hostile enchantments, very unstealthy
A: unfitting armour, cold-blooded, AC +5
a: no special abilities


You were on level 2 of the Dungeon.
You were hungry.

You visited 1 branch of the dungeon, and saw 2 of its levels.

You collected 45 gold pieces.

Inventory:

Hand weapons
 a - a +0 quarterstaff (weapon)
Missiles
 c - 3 throwing nets (quivered)
Armour
 b - a +0 hat (worn)
 m - a +0 pair of boots (worn)
Magical devices
 o - a wand of digging (18)
Scrolls
 f - a scroll of enchant weapon {unknown}
 g - 2 scrolls of identify {unknown}
 i - 2 scrolls of immolation {unknown}
 k - a scroll of amnesia {unknown}
Potions
 e - 2 potions of heal wounds {unknown}
 h - 2 potions of curing
 j - a potion of lignification {unknown}
 n - a potion of agility {unknown}
 q - 2 potions of poison {unknown}
Comestibles
 d - a bread ration
 l - a meat ration
 p - 3 fruits


   Skills:
 + Level 3.4 Fighting
 * Level 4.0 Staves
 - Level 1.7 Throwing
 + Level 2.9 Dodging


You had 3 spell levels left.
You didn't know any spells.

Dungeon Overview and Level Annotations

Branches:
Dungeon (2/15)

Altars:
Ashenzari
Gozag

Annotations:
D:2 Natasha


Innate Abilities, Weirdness & Mutations

Your plain brown scales are hard (AC +5).
Your body does not fit into most forms of armour.
You are cold-blooded and may be slowed by cold attacks.


Message History

The shadow imp closely misses you. Natasha barely misses you.
The shadow imp hits you.
* * * LOW HITPOINT WARNING * * *
You miss Natasha.
Natasha is heavily wounded.
Natasha closely misses you.
The shadow imp hits you but does no damage.
Natasha casts a spell at you. The magic dart hits you!
* * * LOW HITPOINT WARNING * * *
Unknown command.
Drink which item? (? for menu, Esc to quit)
It was a potion of curing.
You feel better.
The white imp disappears in a puff of smoke!
The shadow imp hits you but does no damage.
Natasha claws you.
* * * LOW HITPOINT WARNING * * *
The shadow imp gestures at you. Pain shoots through your body!
You die...

........ #.# #.# ........
#.# #.# .....# #.# #.# ..
#########.# #.#
.......?...########.##
.........#..........†#####
........^#§#########.)...#
...5h...#5##............#
........#h@..####.####..#
...5....####.##.....##..#
.K.....##...#.......#..#
......##.#.#.......#.##
.....##.#....._.....#
..##.#.#.......#.#
#.#.#.......#.#
#...##.....##.##
#<..####.####..#


You could see Natasha and a shadow imp.

Vanquished Creatures
  Terence (D:2)
  2 ball pythons (D:1)
  6 bats
  2 giant cockroaches (D:2)
  6 goblins
  4 hobgoblins
  4 kobolds
  2 giant newts
  5 jackals (D:2)
  6 rats
38 creatures vanquished.

Notes
Turn   | Place    | Note
--------------------------------------------------------------
     0 | D:1      | namelastname112, the Draconian Gladiator, began the quest for the Orb.
     0 | D:1      | Reached XP level 1. HP: 17/17 MP: 1/1
   130 | D:1      | Reached XP level 2. HP: 19/25 MP: 2/2
   762 | D:2      | Noticed Terence
   776 | D:2      | Killed Terence
   776 | D:2      | Reached XP level 3. HP: 21/31 MP: 3/3
   802 | D:2      | Found an opulent altar of Gozag.
   969 | D:2      | Reached skill level 4 in Staves
   975 | D:2      | Found a shattered altar of Ashenzari.
  1022 | D:2      | Noticed Natasha
  1035 | D:2      | Reached XP level 4. HP: 36/38 MP: 4/4
  1043 | D:2      | Killed from afar by a shadow imp

Action                   |  1- 3 |  4- 6 || total
-------------------------+-------+-------++-------
Melee: Quarterstaff      |   123 |     6 ||   129
  Use: Potion            |       |     1 ||     1
